 Dungeon Crawl Stone Soup version 0.21-a0-150-gc243083 (webtiles) character file.

4036 drasked the Grappler (level 10, 0/102 HPs)
             Began as a Troll Monk on July 28, 2017.
             Was a High Priest of Okawaru.
             Slain by a komodo dragon (18 damage)
             ... on level 9 of the Dungeon.
             The game lasted 00:17:23 (6419 turns).

drasked the Grappler (Troll Monk)                   Turns: 6419, Time: 00:17:23

Health: 0/102      AC:  5    Str: 24    XL:     10   Next: 4%
Magic:  7/9        EV: 13    Int:  6    God:    Okawaru [*****.]
Gold:   293        SH:  0    Dex: 12    Spells: 9/9 levels left

rFire    . . .     SeeInvis +     - Unarmed
rCold    . . .     Gourm    +   (no shield)
rNeg     . . .     Faith    .   a - +0 robe
rPois    .         Spirit   .   (helmet restricted)
rElec    .         Reflect  .   (no cloak)
rCorr    .         Harm     .   (gloves unavailable)
MR       +....                  (boots unavailable)
Stlth    +++.......             (no amulet)
HPRegen  0.67/turn              A - ring of see invisible {sInv, !d}
MPRegen  0.11/turn              l - ring of protection from magic {MR+, !d}

@: heroism
A: unfitting armour, claws 3, fast metabolism 3, gourmand, regeneration 1,
shaggy fur 1, tough skin 2
a: Heroism, Finesse, Renounce Religion


You were on level 9 of the Dungeon.
You worshipped Okawaru.
Okawaru was extremely pleased with you.
You were completely stuffed.

You visited 2 branches of the dungeon, and saw 10 of its levels.

You collected 293 gold pieces.

Inventory:

Missiles
 B - a throwing net {=f, !d}
Armour
 a - a +0 robe (worn)
Jewellery
 k - an uncursed ring of stealth {Stlth+}
   (You found it on level 2 of the Dungeon)
 l - a ring of protection from magic (right claw) {MR+, !d}
   (You found it on level 2 of the Dungeon)
 A - a ring of see invisible (left claw) {sInv, !d}
   (You found it on level 7 of the Dungeon)
 H - an uncursed amulet of guardian spirit {Spirit}
   (You took it off a centaur on level 8 of the Dungeon)
Wands
 t - a wand of paralysis (14/24)
   (You found it on level 5 of the Dungeon)
 y - a wand of acid (6/15)
   (You found it on level 6 of the Dungeon)
 G - a wand of flame (39/48)
   (You took it off Grum on level 8 of the Dungeon)
Scrolls
 e - a scroll of fog {unknown}
 f - 4 scrolls of remove curse
 g - a scroll of blinking {unknown}
 h - 3 scrolls of teleportation {unknown}
 j - 3 scrolls of immolation {unknown}
 o - a scroll of amnesia
 r - a scroll of enchant weapon {unknown}
 u - 2 scrolls of enchant armour {unknown}
 z - a scroll of recharging {unknown}
Potions
 i - 5 potions of curing
 n - 2 potions of heal wounds
 p - 5 potions of flight
 q - a potion of agility {unknown}
 s - a potion of brilliance {unknown}
 w - a potion of ambrosia {unknown}
 x - a potion of mutation {unknown}
 C - a potion of might {unknown}
 D - a potion of degeneration {unknown}
 F - a potion of berserk rage {unknown}
 I - a potion of lignification {unknown}
Books
 v - a book of Conjurations
   (You found it on level 5 of the Dungeon)
 E - a book of Frost
   (You found it on level 8 of the Dungeon)
Comestibles
 b - 10 bread rations {@e1}
 c - 3 royal jellies
 d - a fruit
 m - 6 meat rations {@e2}


   Skills:
 + Level 7.4(12.4) Fighting
 - Level 2.4(7.4) Dodging
 - Level 1.0(6.0) Stealth
 * Level 12.0(17.0) Unarmed Combat


You had 9 spell levels left.
You didn't know any spells.

Dungeon Overview and Level Annotations

Branches:
Dungeon (9/15)             Temple (1/1) D:5            Lair (0/6) D:9
    Orc: D:9-12

Altars:
Ashenzari
Cheibriados
Dithmenos
Elyvilon
Fedhas
Gozag
Hepliaklqana
Kikubaaqudgha
Makhleb
Nemelex Xobeh
Okawaru
Qazlal
Ru
Sif Muna
Trog
Uskayaw
Vehumet
Wu Jian
Xom
Yredelemnul
Zin
The Shining One

Shops:
D:5 *

Annotations:
D:7 exclusion: Joseph, Joseph


Innate Abilities, Weirdness & Mutations

You are too large for most types of armour.
You have claws for hands.
Your metabolism is lightning-fast.
You like to eat raw meat.
Your natural rate of healing is unusually fast.
You are covered in fur. (AC +1)
You have very tough skin. (AC +2)


Message History

You claw the centaur! You claw the centaur. The centaur hits you!
You take 10 damage, and have 59/93 hp.
You mangle the centaur!!
You kill the centaur!
Okawaru accepts your kill.
No target in view!
Things that are here:
an uncursed shortbow; 21 arrows There isn't anything to butcher here.
You start resting.
A bullfrog comes into view.
Health restored: 93 A bullfrog is nearby!
A bullfrog is nearby!
A bullfrog is nearby!
A bullfrog is nearby!
The bullfrog gives a loud, deep croak!
The bullfrog hits you.
You take 2 damage, and have 91/93 hp.
You mangle the bullfrog!! The bullfrog hits you!
You take 7 damage, and have 84/93 hp.
You closely miss the bullfrog.
The bullfrog hits you but does no damage.
You claw the bullfrog!
You kill the bullfrog!
Okawaru accepts your kill.
You see here a bullfrog corpse.
You butcher the bullfrog corpse.
g - 3 chunks of flesh {@w0} Eating one of 3 chunks of flesh {@w0}.
You eat one of the 3 chunks of flesh {@w0}.
This raw flesh tastes great.
Eating one of 2 chunks of flesh {@w0}.
You eat one of the 2 chunks of flesh {@w0}.
This raw flesh tastes great.
Eating a chunk of flesh {@w0}.
You eat the chunk of flesh {@w0}.
This raw flesh tastes great.
Found a stone staircase leading down.
Health restored: 93
g - a scroll labeled XEPINI EMUON TOE
Found a staircase to the Lair.
The komodo dragon hisses angrily.
The komodo dragon bites the plant.
Something bites the plant!!
A yak comes into view.
The yak bellows!
A yak is nearby!
You claw the yak!
You hear a bellow!
The yak gores you!
A yak comes into view.
You take 13 damage, and have 80/93 hp.
The yak bellows!
You scratch the yak but do no damage.
You hear a bellow! x4
The yak gores you!
You take 11 damage, and have 69/93 hp.
You scratch the yak but do no damage. You claw the yak, but do no damage.
A yak comes into view.
You mangle the yak!!
You kill the yak!
Okawaru accepts your kill.
You have reached level 10!
You hear a bellow! x2
You regained 8 hp, and now have 77/102 hp.
MP restored: 9 You barely miss the yak.
The yak closely misses you.
A yak comes into view.
You barely miss the yak. The yak completely misses you.
A yak comes into view.
You barely miss the yak. You claw the yak!
You hear a bellow!
The yak gores you!
You take 9 damage, and have 69/102 hp.
You barely miss the yak. You claw the yak! The yak gores you!
You take 14 damage, and have 55/102 hp.
You barely miss the yak. The yak gores you!
You take 11 damage, and have 44/102 hp.
You gain the combat prowess of a mighty hero.
The yak barely misses you.
You now have 7/9 mp.
You closely miss the yak. You mangle the yak!!
You kill the yak!
Okawaru accepts your kill.
Your base Unarmed Combat skill increases to level 12!
You completely miss the yak. You claw the yak!
You closely miss the komodo dragon. You scratch the komodo dragon.
The komodo dragon completely misses you.
The yak completely misses you.
You claw the komodo dragon! The komodo dragon bites you!!
* * * LOW HITPOINT WARNING * * *
A yak comes into view.
You take 31 damage, and have 17/102 hp.
MASSIVE DAMAGE!!
The komodo dragon bites you!!
You die...

#..# ##..# #[ ##.##
#..# #.# #..# ##.#
.. #..## #.## ..
#...# #..#
.########.#.###..##
.................#
#.##>###.##.####.#
#@#...##.##..# #.#
#Yl......###.# #..
#YYY##...#### #.#
##. ##.# ##.## #.##
#. #.. #.# #..# #.
#. #.# ##.###. ..
..# #.##.. .. ..#
#.#... ... ...#
#.#...


You could see a komodo dragon and 2 yaks.

Vanquished Creatures
  Prince Ribbit (D:8)
  Grinder (D:6)
  A hippogriff (D:7)
  Grum (D:8)
  2 yaks (D:9)
  A black bear (D:7)
  An ice beast (D:6)
  An orc warrior (D:6)
  2 sky beasts
  2 ogres
  2 phantoms
  4 wolves (D:8)
  4 centaurs
  The ghost of drasked the Skirmisher, an amateur GrFi (D:4)
  5 bullfrogs
  A water moccasin skeleton (D:9)
  2 howler monkeys (D:5)
  4 crimson imps
  A quasit (D:7)
  A hound (D:4)
  2 jellies
  5 orc priests
  3 bullfrog skeletons
  3 iguanas
  3 orc wizards
  5 worker ants
  A killer bee zombie (D:8)
  2 hound zombies (D:8)
  3 hound skeletons (D:3)
  9 adders
  A howler monkey skeleton (D:3)
  2 shadow imps
  An ooze (D:1)
  3 adder zombies
  An adder skeleton (D:5)
  2 worms
  A dart slug (D:1)
  7 leopard geckos
  20 orcs
  2 bat zombies (D:4)
  9 giant cockroaches
  5 goblins
  6 hobgoblins
  6 jackals (D:1)
  6 kobolds
  2 quokkas
  2 ball python skeletons (D:3)
  2 bats
  6 frilled lizards
  A jackal zombie (D:5)
  A leopard gecko skeleton (D:6)
  A leopard gecko zombie (D:5)
  6 rats
  2 rat zombies (D:4)
169 creatures vanquished.

Vanquished Creatures (others)
  A quokka (D:5)
  A plant (D:9)
2 creatures vanquished.

Grand Total: 171 creatures vanquished

Notes
Turn   | Place    | Note
-------+----------+-------------------------------------------
     0 | D:1      | drasked the Troll Monk began the quest for the Orb.
     0 | D:1      | Reached XP level 1. HP: 22/22 MP: 0/0
     1 | D:1      | Found a runed door.
   161 | D:1      | Reached XP level 2. HP: 29/29 MP: 1/1
   524 | D:1      | You fall through a shaft!
   732 | D:1      | Reached XP level 3. HP: 34/36 MP: 2/2
   845 | D:2      | Reached skill level 3 in Fighting
   845 | D:2      | Reached skill level 4 in Unarmed Combat
   866 | D:2      | Found an iron altar of Okawaru.
  1166 | D:2      | Became a worshipper of Warmaster Okawaru
  1166 | D:2      | Reached * piety under Okawaru
  1166 | D:2      | Reached ** piety under Okawaru
  1218 | D:2      | Reached XP level 4. HP: 42/45 MP: 3/3
  1658 | D:3      | Reached XP level 5. HP: 33/53 MP: 4/4
  1673 | D:3      | HP: 5/53 [orc priest/divine providence (11)]
  1676 | D:3      | Reached skill level 5 in Unarmed Combat
  2217 | D:4      | Found a glowing golden altar of the Shining One.
  2254 | D:4      | Noticed drasked's ghost (amateur GrFi)
  2288 | D:4      | HP: 9/54 [drasked's ghost (6)]
  2378 | D:4      | Killed drasked's ghost
  2378 | D:4      | Reached XP level 6. HP: 34/62 MP: 5/5
  2429 | D:4      | Reached skill level 6 in Unarmed Combat
  2443 | D:4      | Reached skill level 4 in Fighting
  2511 | D:4      | Found a shadowy altar of Dithmenos.
  2590 | D:4      | HP: 11/62 [something/puff of flame (10)]
  2753 | D:4      | Reached *** piety under Okawaru
  2753 | D:4      | Reached XP level 7. HP: 44/70 MP: 6/6
  2859 | D:4      | Reached skill level 7 in Unarmed Combat
  2891 | D:4      | Found an ancient bone altar of Kikubaaqudgha.
  3136 | D:4      | Found a snail-covered altar of Cheibriados.
  3390 | D:5      | Entered Level 5 of the Dungeon
  3436 | D:5      | Found a staircase to the Ecumenical Temple.
  3461 | Temple   | Entered the Ecumenical Temple
  3531 | D:5      | Found Efyguv's Assorted Antiques.
  3652 | D:5      | Found a white marble altar of Elyvilon.
  3692 | D:5      | Reached skill level 8 in Unarmed Combat
  3760 | D:5      | Reached skill level 5 in Fighting
  3871 | D:5      | Found a sacrificial altar of Ru.
  3913 | D:5      | Found an ornate altar of the Wu Jian Council.
  3958 | D:5      | Reached XP level 8. HP: 75/80 MP: 7/7
  4218 | D:6      | Noticed Grinder
  4235 | D:6      | Killed Grinder
  4235 | D:6      | Reached **** piety under Okawaru
  4487 | D:6      | Reached skill level 9 in Unarmed Combat
  5117 | D:7      | Reached skill level 6 in Fighting
  5168 | D:7      | Noticed Joseph
  5198 | D:7      | Reached skill level 10 in Unarmed Combat
  5237 | D:7      | Reached XP level 9. HP: 82/89 MP: 8/8
  5330 | D:7      | Reached ***** piety under Okawaru
  5879 | D:8      | Noticed Grum
  5879 | D:8      | Noticed Prince Ribbit
  5891 | D:8      | Killed Grum
  5892 | D:8      | Reached skill level 11 in Unarmed Combat
  5898 | D:8      | Reached skill level 7 in Fighting
  5906 | D:8      | Killed Prince Ribbit
  5907 | D:8      | Found an opulent altar of Gozag.
  6372 | D:9      | Found a staircase to the Lair.
  6372 | D:9      | Noticed a komodo dragon
  6403 | D:9      | Reached XP level 10. HP: 76/102 MP: 9/9
  6412 | D:9      | Reached skill level 12 in Unarmed Combat
  6418 | D:9      | HP: 17/102 [komodo dragon (31)]
  6419 | D:9      | Slain by a komodo dragon

Vault maps used:
D:1:      dpeg_arrival_caged_fury, minmay_misc_feat_iff, corexii_corridor_pit,
          minmay_misc_feat_tower
D:2:      nicolae_overflow_crystal_walls
D:3:      serial_undead, serial_undead_c, serial_undead_f, serial_undead_e,
          serial_undead_f, serial_undead_b, serial_undead_b, serial_undead_a
D:4:      nicolae_dithmenos_the_darkroom, kennysheep_little_box,
          lemuel_zombie_altar_kikubaaqudgha, tso_metal_star, first_bread,
          roderic_ancient_swastika
D:5:      cheibrodos_helix_gallery, elyvilon_altar_4, lemuel_crystal_altar,
          lemuel_crystal_altar, temple_fountains, serial_shops, shop_fountains
D:6:      corexii_shack, grunt_ministairs_11, uniq_grinder
D:7:      grunt_ogre_cave, nrook_mini_vaults, uniq_joseph
D:8:      grunt_gozag_statues, uniq_grum, uniq_prince_ribbit1
D:9:      david_lair_shrubbed, hiddenorc2_lemuel, minmay_st_funbox,
          small_statue_intersection
Temple:   cyrus_circular_temple

Skill      XL: |  1  2  3  4  5  6  7  8  9 10 |
---------------+-------------------------------+-----
Fighting       | 3 4 5 6 7 |  7.4
Unarmed Combat | 4 5 6 8 10 11 12 | 12.0
Dodging        | |  2.4
Stealth        | |  1.0

Action                   |  1- 3 |  4- 6 |  7- 9 | 10-12 || total
-------------------------+-------+-------+-------+-------++-------
Melee: Unarmed           |    96 |   162 |   253 |    13 ||   524
       Punch             |     2 |     5 |    11 |     1 ||    19
Invok: Heroism           |       |     1 |     1 |     1 ||     3
  Use: Scroll            |       |       |     7 |       ||     7
 Stab: Sleeping          |     2 |       |     4 |       ||     6
       Distracted        |       |       |     1 |       ||     1
  Eat: Chunk             |    14 |    17 |    33 |       ||    64
Armor: Robe              |    16 |    55 |    52 |       ||   123
Dodge: Dodged            |    38 |    63 |   113 |     5 ||   219

Vault maps used:
D:1:      dpeg_arrival_caged_fury, minmay_misc_feat_iff, corexii_corridor_pit,
          minmay_misc_feat_tower
D:2:      nicolae_overflow_crystal_walls
D:3:      serial_undead, serial_undead_c, serial_undead_f, serial_undead_e,
          serial_undead_f, serial_undead_b, serial_undead_b, serial_undead_a
D:4:      nicolae_dithmenos_the_darkroom, kennysheep_little_box,
          lemuel_zombie_altar_kikubaaqudgha, tso_metal_star, first_bread,
          roderic_ancient_swastika
D:5:      cheibrodos_helix_gallery, elyvilon_altar_4, lemuel_crystal_altar,
          lemuel_crystal_altar, temple_fountains, serial_shops, shop_fountains
D:6:      corexii_shack, grunt_ministairs_11, uniq_grinder
D:7:      grunt_ogre_cave, nrook_mini_vaults, uniq_joseph
D:8:      grunt_gozag_statues, uniq_grum, uniq_prince_ribbit1
D:9:      david_lair_shrubbed, hiddenorc2_lemuel, minmay_st_funbox,
          small_statue_intersection
Temple:   cyrus_circular_temple

Table legend:
 A = Turns spent in this place as a percentage of turns spent in the entire game.
 B = Non-inter-level travel turns spent in this place as a percentage of non-inter-level travel turns spent in the entire game.
 C = Inter-level travel turns spent in this place as a percentage of turns spent in this place.
 D = Turns resting spent in this place as a percentage of non-inter-level travel turns spent in this place.
 E = Turns spent auto-exploring this place as a percentage of non-inter-level travel turns spent in this place.
 F = Non-inter-level travel turns spent in this place divided by the number of levels of this place that you've seen.
                   A       B       C       D       E      F
               +-------+-------+-------+-------+-------+----------------------
         Total | 100.0 | 100.0 |   0.6 |   1.8 |   9.7 | 234.4
       Dungeon |  98.9 |  98.9 |   0.5 |   1.9 |   9.3 | 257.7
        Temple |   1.1 |   1.1 |   3.8 |   0.0 |  48.0 |  25.0
               +-------+-------+-------+-------+-------+----------------------

Table legend:
 A = Kills in this place as a percentage of kills in entire the game.
 B = Kills by you in this place as a percentage of kills by you in the entire game.
 C = Kills by friends in this place as a percentage of kills by friends in the entire game.
 D = Other kills in this place as a percentage of other kills in the entire game.
 E = Experience gained in this place as a percentage of experience gained in the entire game.
 F = Experience gained in this place divided by the number of levels of this place that you have seen.
                   A       B       C       D       E      F
               +-------+-------+-------+-------+-------+----------------------
         Total | 100.0 | 100.0 |  -nan |  -nan | 100.0 | 576.7
       Dungeon | 100.0 | 100.0 |  -nan |  -nan | 100.0 | 640.8
               +-------+-------+-------+-------+-------+----------------------
